 Dungeon Crawl Stone Soup version 0.30-a0-702-gdf48620a09 (webtiles) character file.

Game seed: 8671812329796445556

125 kae the Insei (level 4, -8/32 HPs)
             Began as a Demonspawn Transmuter on Jan 21, 2023.
             Succumbed to a gnoll sergeant's poison
             ... on level 3 of the Dungeon.
             The game lasted 00:04:10 (2175 turns).

kae the Insei (Demonspawn Transmuter)               Turns: 2175, Time: 00:04:10

Health: -8/32      AC:  2    Str: 10    XL:     4   Next: 82%
Magic:  8/8        EV: 19    Int: 23    God:
Gold:   134        SH:  0    Dex: 18    Spells: 2/8 levels left

rFire   + . .      SeeInvis .      - Unarmed
rCold   . . .      Faith    .    (shield currently unavailable)
rNeg    . . .      Spirit   +    (body armour currently unavailable)
rPois   x          Reflect  .    (helmet currently unavailable)
rElec   .          Harm     .    (cloak currently unavailable)
rCorr   .          Rampage  .    (gloves currently unavailable)
Will    .....                    (boots currently unavailable)
Stlth   ++                       G - amulet of guardian spirit
HPRegen 0.25/turn                F - ring of protection from fire
MPRegen 0.11/turn                I - +6 ring of intelligence

@: lethally poisoned (-8 -> -76), spider-form (expiring), wereblooded
A: venomous fangs, tiny, (horns 1), demonic guardian 1
a: End Transformation


You were on level 3 of the Dungeon.
You were a venomous arachnid creature.
You visited 1 branch of the dungeon, and saw 3 of its levels.

You collected 134 gold pieces.


Innate Abilities, Weirdness & Mutations

You are a venomous arachnid creature.
You have venomous fangs.
You are tiny and dextrous.
Your spellcasting is less reliable in this form.
Your armour is entirely melded.
You are incapable of wielding weapons or throwing items.
((You have a pair of small horns on your head.))
A weak demonic guardian rushes to your aid.


   Skills:
 - Level 1.0 Fighting
 - Level 1.7 Dodging
 + Level 3.3 Unarmed Combat
 + Level 2.7 Spellcasting
 * Level 3.2 Transmutations
 + Level 1.7 Poison Magic


You had 2 spell levels left.
You knew the following spells:

 Your Spells              Type           Power      Damage    Failure   Level
a - Beastly Appendage     Tmut           34%        N/A       11%         1
b - Wereblood             Tmut           17%        N/A       14%         2
c - Spider Form           Tmut/Pois      14%        N/A       30%         3

Your spell library contained the following spells:

 Spells                   Type           Power      Damage    Failure   Level
 Foxfire                  Conj/Fire      12%        2x1d4     28%         1
 Teleport Other           Tloc           3%         N/A       56%         3
 Ice Form                 Ice/Tmut       10%        N/A       73%         4

Inventory:

Missiles
 d - 12 stones
 e - 5 poisoned darts
 j - 6 boomerangs
Armour
 a - a +0 robe (melded)
 i - a +0 cloak (melded)
   (You found it on level 1 of the Dungeon)
Jewellery
 F - a ring of protection from fire (left front pincers)
   (You found it on level 1 of the Dungeon)
 G - an amulet of guardian spirit (around neck)
   (You found it on level 1 of the Dungeon)
 I - a +6 ring of intelligence (right front pincers)
   (You found it on level 2 of the Dungeon)
 T - an amulet of faith {!P}
   (You found it on level 2 of the Dungeon)
Scrolls
 g - 2 scrolls of teleportation {@r4}
 k - a scroll of immolation {!r!r}
Potions
 b - 2 potions of lignification {!q}
 f - a potion of attraction {!q}
 h - 2 potions of mutation {!q}

Dungeon Overview and Level Annotations

Branches:
Dungeon (3/15) Zot: 15829

Altars:
Fedhas

Shops:
D:1

((( gg##....##...#
.J#......#...#
.##..##..##..#
.#..####..#..#
#..####5.#..#
##..##..##..#
#......#...#
##....##...#######
...#....#.....ggs.<#
..........#######.##
.>.....##...# #.#
.......##.#.# #.#
.......##.#.# #.#
######.##.# # #.#
#.##.# #># #.##.#
... ..##.# ...


You could see a gnoll sergeant (extremely poisoned) and a gnoll.


Message History

Your quasit closely misses the gnoll.
The gnoll barely misses your quasit.
Your quasit bites the gnoll.
Your quasit claws the gnoll.
Your quasit completely misses the gnoll.
Your quasit bites the gnoll.
Your quasit closely misses the gnoll.
Your quasit completely misses the gnoll.
The gnoll completely misses your quasit. 😱 HP[+1]
Your quasit bites the gnoll but does no damage.
Your quasit claws the gnoll. x2
The gnoll hits your quasit with a +0 spear! 😱 MP[+1] 😨 HP[+1]
Your transformation has ended.
Your +0 cloak unmelds from your body.
Your +0 robe unmelds from your body.
Your primal bloodlust is almost over. 😨 HP[+1]
Your primal bloodlust has ended. 😨 HP[+1] MP[+1]
Your quasit disappears in a puff of smoke!
There is a stone staircase leading up here. 😨 HP[+1]
You start resting.
A gnoll sergeant is nearby!
You climb upwards.
There is a stone staircase leading down here.
You start resting. 😮 HP[+5] MP[+3]
You regained 5 hp, and now have 17/32 hp.
You regained 3 mp, and now have 6/8 mp.
You start resting. 😮 HP[+5] MP[+2]
You regained 5 hp, and now have 22/32 hp.
Your mp is fully restored (8).
You start resting. 😕 HP[+5]
You regained 5 hp, and now have 27/32 hp.
You start resting. 😎 HP[+5]
Your hp is fully restored (32).
Casting: Wereblood (safe; 4% risk of failure)
Confirm with . or Enter, or press ? or * to list all spells.
The spell is quite dangerous to miscast (13% risk of failure)!
Continue anyway? [Y]es or [N]o only, please.
The spell is quite dangerous to miscast (13% risk of failure)!
Continue anyway?
You turn into a venomous arachnid creature.
Your +0 cloak melds into your body.
Your +0 robe melds into your body. 😎 MP[-3]
You lost 3 mp, and now have 5/8 mp.
Casting: Spider Form (quite dangerous; 30% risk of failure)
Confirm with . or Enter, or press ? or * to list all spells.
Your blood is infused with primal strength. 😎 MP[-2]
You lost 2 mp, and now have 3/8 mp.
You climb downwards.
There is a stone staircase leading up here.
The gnoll shouts!
The gnoll sergeant barely misses you.
Unknown command.
The gnoll sergeant blocks your attack. The gnoll sergeant misses you.
You hit the gnoll sergeant.
The gnoll sergeant is poisoned.
The gnoll sergeant misses you. 😎 MP[+1]
The gnoll sergeant blocks your attack.
Unknown command.
You barely miss the gnoll sergeant. The gnoll sergeant barely misses you.
You barely miss the gnoll sergeant.
The gnoll sergeant hits you with a +3 spear of venom!
You are poisoned. 😕 HP[-7]
You take 7 damage, and now have 25/32 hp.
MASSIVE DAMAGE!! (PAUSE)
The gnoll sergeant blocks your attack.
Your transformation is almost over.
You feel very sick.
The gnoll sergeant hits you with a +3 spear of venom!
* * * LOW HITPOINT WARNING * * *
You are more poisoned. 😨 HP[-12] MP[-1]
You take 12 damage, and now have 13/32 hp.
MASSIVE DAMAGE!! (PAUSE)
You lost 1 mp, and now have 3/8 mp.
You bite the gnoll sergeant!
The gnoll sergeant looks as sick as possible!
* * * LOW HITPOINT WARNING * * *
You feel extremely sick.
The gnoll sergeant completely misses you. 😱 HP[-9]
You take 9 damage, and now have 4/32 hp.
MASSIVE DAMAGE!! (PAUSE) It was a potion of heal wounds.
You feel much better.
* * * LOW HITPOINT WARNING * * *
You feel extremely sick.
The gnoll sergeant hits you with a +3 spear of venom!
* * * LOW HITPOINT WARNING * * *
You are more poisoned. 😱 HP[+3] MP[-1]
You regained 3 hp, and now have 7/32 hp.
You lost 1 mp, and now have 2/8 mp.
It was a potion of magic.
Magic courses through your body.
You die...

Skill      XL: |  1  2  3  4 |
---------------+-------------+-----
Transmutations | 2 3 |  3.2
Unarmed Combat | 3 |  3.3
Poison Magic   | 1 |  1.7
Fighting       | |  1.0
Dodging        | |  1.7
Spellcasting   | |  2.7

Action                   |  1- 3 |  4- 6 || total
-------------------------+-------+-------++-------
Melee: Unarmed           |    73 |    29 ||   102
       Kick              |    11 |       ||    11
       Headbutt          |     6 |     2 ||     8
       Punch             |     1 |       ||     1
 Cast: Beastly Appendage |    19 |     5 ||    24
       Wereblood         |     1 |     3 ||     4
       Spider Form       |     3 |     3 ||     6
  Use: Scroll            |     4 |       ||     4
       Potion            |       |     2 ||     2
Armor: Robe              |     8 |     4 ||    12
       Skin              |       |     1 ||     1
Dodge: Dodged            |    40 |    26 ||    66

Levels and vault maps discovered:
D:1:      ncdulo_halloftheorcs, layout_basic, ebering_ecumenical_altar_mist,
          serial_shops, nicolae_shop_statue_plus,
          nicolae_shop_overgrown_old_shop, shop_statue,
          minmay_shallow_snake_nest
D:2:      layout_basic, basic_altar, minmay_misc_feat_plants, uniq_jessica
D:3:      layout_basic, serial_shops, nicolae_shop_bloodbath_and_beyond,
          st_stairs_8, minmay_misc_feat_iff

Notes
Turn   | Place    | Note
-------+----------+-------------------------------------------
     0 | D:1      | kae the Demonspawn Transmuter began the quest for the Orb.
     0 | D:1      | Reached XP level 1. HP: 15/15 MP: 3/3
     0 | D:1      | magus.rc [v1.11.3]
    29 | D:1      | Found a faded altar of an unknown god.
   167 | D:1      | Reached skill level 2 in Transmutations
   195 | D:1      | Gained mutation: A weak demonic guardian rushes to your
                  | aid. [demonic ancestry]
   195 | D:1      | Reached XP level 2. HP: 21/21 MP: 3/5
   219 | D:1      | Found Esoty's Weapon Emporium.
   297 | D:1      | Learned a level 2 spell: Wereblood
   343 | D:1      | Found Borul's Antique Weapon Shop.
   491 | D:1      | Found Foecitze's Weapon Shoppe.
   655 | D:1      | You add the spells Foxfire and Teleport Other to your
                  | library.
   655 | D:1      | Got the Meditations on Lethal Relocation
  1045 | D:2      | Found a blossoming altar of Fedhas.
  1055 | D:1      | Reached skill level 3 in Unarmed Combat
  1055 | D:1      | Reached skill level 1 in Poison Magic
  1055 | D:1      | You feel monstrous as your demonic heritage exerts itself.
  1055 | D:1      | Discovered your monstrous ancestry.
  1055 | D:1      | Mutation became permanent: You have a pair of small horns
                  | on your head. [demonic ancestry]
  1055 | D:1      | Gained mutation: You have a pair of horns on your head.
                  | [demonic ancestry]
  1055 | D:1      | Reached XP level 3. HP: 21/26 MP: 3/6
  1059 | D:1      | Learned a level 3 spell: Spider Form
  1096 | D:2      | HP: 6/26 [poisoned by a gnoll]
  1358 | D:2      | Noticed Jessica
  1384 | D:2      | Killed Jessica
  1385 | D:2      | Reached XP level 4. HP: 23/32 MP: 1/7
  1476 | D:2      | Reached skill level 3 in Transmutations
  2053 | D:3      | Noticed a gnoll sergeant
  2058 | D:3      | HP: 6/32 [gnoll/+0 spear[a gnoll sergeant] (6)]
  2173 | D:3      | HP: 4/32 [poisoned by a gnoll sergeant]
  2175 | D:3      | Succumbed to a gnoll sergeant's poison

Vanquished Creatures
  Jessica (D:2)
  6 gnolls
  A worm (D:2)
  A dart slug (D:1)
  3 endoplasms
  2 giant cockroaches
  3 goblins
  2 hobgoblins
  A quokka (D:1)
  6 ball pythons
  2 bats (D:1)
  6 frilled lizards
  4 kobolds
  3 rats (D:1)
41 creatures vanquished.

Table legend:
 A = Non-vault XP
 B = Vault XP
 C = Vault XP percentage of total XP
 D = Non-vault monster count
 E = Vault monster count
 F = Vault count percentage of total count
                 A         B        C        D         E       F
            +---------+---------+-------+---------+---------+-------
      Total |     138 |      41 |  22.9 |      37 |       4 |   9.8
            +---------+---------+-------+---------+---------+-------
        D:1 |      48 |       4 |   7.7 |      22 |       3 |  12.0
        D:2 |      47 |      37 |  44.0 |      11 |       1 |   8.3
        D:3 |      43 |       0 |   0.0 |       4 |       0 |   0.0
            +---------+---------+-------+---------+---------+-------

Illustrated notes

Table legend:
 A = Kills in this place as a percentage of kills in entire the game.
 B = Kills by you in this place as a percentage of kills by you in the entire game.
 C = Kills by friends in this place as a percentage of kills by friends in the entire game.
 D = Other kills in this place as a percentage of other kills in the entire game.
 E = Experience gained in this place as a percentage of experience gained in the entire game.
 F = Experience gained in this place divided by the number of levels of this place that you have seen.
                   A       B       C       D       E      F
               +-------+-------+-------+-------+-------+----------------------
         Total | 100.0 | 100.0 |   N/A |   N/A | 100.0 |  59.7
       Dungeon | 100.0 | 100.0 |   N/A |   N/A | 100.0 |  59.7
               +-------+-------+-------+-------+-------+----------------------

Table legend: (Time is in decaauts)
 A = Elapsed time spent in this place.
 B = Non-inter-level travel time spent in this place.
 C = Inter-level travel time spent in this place.
 D = Time resting spent in this place.
 E = Time spent auto-exploring this place.
 F = Levels seen in this place.
 G = Mean time per level.
                   A        B        C        D        E       F      G
               +--------+--------+--------+--------+--------+-----+--------+
         Total |   2170 |   2078 |     92 |     90 |   1617 |   3 |  723.3 |
       Dungeon |   2170 |   2078 |     92 |     90 |   1617 |   3 |  723.3 |
               +--------+--------+--------+--------+--------+-----+--------+

Top non-repeatable levels by time:
     D:1: 1076 daAuts
     D:2: 1002 daAuts
     D:3: 91 daAuts
